 Dungeon Crawl Stone Soup version 0.24.0-125-gc4c63601f3 (webtiles) character file.

Game seed: 9773138488207233233, levelgen mode: deterministic

86 Mesmaeker13 the Shooter (level 4, 0/38 HPs)
             Began as a Centaur Hunter on Mar 3, 2020.
             Slain by Sigmund
             ... wielding a +3 scythe of freezing
              (11 damage)
             ... on level 2 of the Dungeon.
             The game lasted 00:04:09 (2127 turns).

Mesmaeker13 the Shooter (Centaur Hunter)            Turns: 2127, Time: 00:04:09

Health: 0/38       AC:  7    Str: 14    XL:     4   Next: 26%
Magic:  4/4        EV:  9    Int: 10    God:
Gold:   80         SH:  0    Dex: 11    Spells: 3/3 levels left

rFire    + + .     SeeInvis .   e - +0 spear
rCold    + . .     Gourm    .   (no shield)
rNeg     . . .     Faith    .   i - +1 ring mail {rF+}
rPois    +         Spirit   .   (no helmet)
rElec    +         Reflect  .   c - +0 cloak
rCorr    +         Harm     .   (no gloves)
MR       .....                  (no barding)
Stlth    ..........             (no amulet)
HPRegen  0.12/turn              (no ring)
MPRegen  0.09/turn              (no ring)

@: confused, resistant, very quick
A: large, hooves 3, deformed body, speed 2, tough skin 3
a: no special abilities


You were on level 2 of the Dungeon.
You were hungry.

You visited 1 branch of the dungeon, and saw 2 of its levels.

You collected 80 gold pieces.

Inventory:

Hand Weapons
 a - a +1 shortbow
 e - a +0 spear (weapon)
Armour
 c - a +0 cloak (worn)
 i - a +1 ring mail of fire resistance (worn)
Scrolls
 b - a scroll of amnesia
 g - a scroll of blinking {unknown}
 l - a scroll of teleportation {unknown}
 n - a scroll of magic mapping {unknown}
Potions
 h - a potion of flight
 m - a potion of curing {unknown}
 q - 3 potions of brilliance
Comestibles
 d - a chunk of flesh
 f - 5 rations


   Skills:
 + Level 3.1 Fighting
 + Level 6.2 Bows
 + Level 2.2 Dodging
 - Level 0.4 Stealth


You had 3 spell levels left.
You didn't know any spells.
Your spell library was empty.

Dungeon Overview and Level Annotations

Branches:
Dungeon (2/15)

Altars:
Qazlal

Annotations:
D:2 Sigmund


Innate Abilities, Weirdness & Mutations

You have hooves in place of feet.
Armour fits poorly on your strangely shaped body.
You cover ground very quickly.
You have extremely tough skin. (AC +3)


Message History

You are confused.
You bump into the rock wall.
Sigmund asks, "Do you like me?" Sigmund barely misses you.
Sigmund hits you from afar with a +3 scythe of freezing.
You bump into the rock wall.
You bump into the rock wall.
Sigmund hits you from afar with a +3 scythe of freezing.
* * * LOW HITPOINT WARNING * * *
Sigmund freezes you.
* * * LOW HITPOINT WARNING * * *
Sigmund points at you and mumbles some strange words.
You are more confused.
You miss Sigmund.
Sigmund is lightly wounded.
Sigmund casts a spell at you. You resist with some effort.
You bump into the rock wall.
Sigmund is no longer unusually agile.
Sigmund hits you with a +3 scythe of freezing!
You die... #.#####.......#.## gg.

#.......#######
#.### #######.#
# ####.# #....#
#.#########
#.#......<#
#.#.#######
#.#@# #.@.#
#####


You could see Sigmund.

Vanquished Creatures
  2 gnolls (D:2)
  2 adders (D:2)
  2 worms (D:2)
  2 dart slugs
  A leopard gecko (D:1)
  8 goblins
  4 hobgoblins
  2 jackals (D:1)
  5 kobolds
  A quokka (D:2)
  A ball python (D:2)
  2 bats (D:2)
  7 rats
39 creatures vanquished.

Notes
Turn   | Place    | Note
-------+----------+-------------------------------------------
     0 | D:1      | Mesmaeker13 the Centaur Hunter began the quest for the Orb.
     0 | D:1      | Reached XP level 1. HP: 17/17 MP: 1/1
   347 | D:1      | Reached XP level 2. HP: 22/24 MP: 2/2
  1429 | D:2      | Noticed an air elemental
  1431 | D:2      | Found a stormy altar of Qazlal.
  1433 | D:2      | Noticed a fire elemental
  1433 | D:2      | Noticed a water elemental
  1433 | D:2      | Noticed an earth elemental
  1459 | D:2      | Reached XP level 3. HP: 30/30 MP: 3/3
  1652 | D:2      | Reached skill level 6 in Bows
  1823 | D:2      | Reached XP level 4. HP: 35/38 MP: 4/4
  2080 | D:2      | Noticed Sigmund
  2127 | D:2      | Slain by Sigmund

Levels and vault maps discovered:
D:1:      ebering_trefoil_3fold, layout_basic,
          wander_ebering_terrifying_dragon_lair
D:2:      layout_basic, nicolae_qazlal_style_of_elements, minmay_goblin_outpost,
          uniq_terence, uniq_sigmund

Skill      XL: |  1  2  3 |
---------------+----------+-----
Dodging        | 2 |  2.2
Bows           | 6 |  6.2
Fighting       | 3 |  3.1
Stealth        | |  0.4

Action                   |  1- 3 |  4- 6 || total
-------------------------+-------+-------++-------
Melee: Spear             |    75 |    15 ||    90
       Kick              |    17 |       ||    17
 Fire: Shortbow          |    46 |     5 ||    51
  Use: Scroll            |     4 |       ||     4
       Potion            |       |     1 ||     1
  Eat: Chunk             |     2 |       ||     2
Armor: Ring mail         |    22 |       ||    22
Dodge: Dodged            |    29 |     5 ||    34
